 Dungeon Crawl Stone Soup version 0.25-a0-185-g6cfeca75b2 (webtiles) character file.

Game seed: 6953991371796676359, levelgen mode: deterministic

2035 MisterFreud the Conjurer (level 9, 0/68 HPs)
             Began as a Naga Fire Elementalist on Nov 28, 2019.
             Slain by Joseph
             ... wielding a cursed -1 quarterstaff
              (13 damage)
             ... on level 7 of the Dungeon.
             The game lasted 00:18:18 (5717 turns).

MisterFreud the Conjurer (Naga Fire Elementalist)   Turns: 5717, Time: 00:18:19

Health: 0/68       AC:  7    Str: 11    XL:     9   Next: 24%
Magic:  1/18       EV: 10    Int: 19    God:
Gold:   269        SH:  0    Dex: 11    Spells: 12/20 levels left

rFire    . . .     SeeInvis +   p - +1 dagger (elec)
rCold    . . .     Gourm    .   (no shield)
rNeg     . . .     Faith    .   a - +0 robe
rPois    +         Spirit   .   (no helmet)
rElec    .         Reflect  .   (no cloak)
rCorr    .         Harm     .   k - +2 pair of gloves
MR       +....                  (no barding)
Stlth    ++........             (no amulet)
HPRegen  0.21/turn              (no ring)
MPRegen  0.16/turn              (no ring)

@: very slightly contaminated, very slow
A: large, see invisible, deformed body, poison resistance, slowness 2, slow
metabolism 1, spit poison 1, AC +3
a: Spit Poison


You were on level 7 of the Dungeon.
You were hungry.

You visited 2 branches of the dungeon, and saw 8 of its levels.

You collected 269 gold pieces.

Inventory:

Hand Weapons
 e - a +2 dagger of protection
 p - a +1 dagger of electrocution (weapon)
 u - a +4 trident
Missiles
 d - 100 sling bullets
 f - 181 stones (quivered)
 h - 21 poisoned darts
 m - 162 arrows
 n - 3 boomerangs
Armour
 a - a +0 robe (worn)
 k - a +2 pair of gloves (worn)
Wands
 w - a wand of scattershot (2)
Scrolls
 i - 2 scrolls of blinking
 o - a scroll of teleportation
 t - 3 scrolls of remove curse
Potions
 b - 2 potions of magic
 g - 2 potions of curing
 j - a potion of cancellation
 l - a potion of might
 q - a potion of berserk rage {unknown}
 s - 4 potions of lignification {unknown}
 v - a potion of resistance {unknown}
Comestibles
 c - 5 rations
 r - 3 chunks of flesh


   Skills:
 - Level 1.5 Dodging
 - Level 3.0 Stealth
 - Level 6.1 Spellcasting
 + Level 7.4 Conjurations
 + Level 7.4 Fire Magic


You had 12 spell levels left.
You knew the following spells:

 Your Spells              Type           Power        Failure   Level  Hunger
a - Flame Tongue          Conj/Fire      ####.        1%          1    None
b - Conjure Flame         Conj/Fire      ####....     1%          3    ##.....
c - Sticky Flame          Conj/Fire      ####....     5%          4    ####...

Your spell library contained the following spells:

 Spells                   Type           Power        Failure   Level  Hunger
 Throw Flame              Conj/Fire      ####..       1%          2    None
 Inner Flame              Hex/Fire       ###.....     8%          3    ##.....
 Fireball                 Conj/Fire      ####......   14%         5    #####..


Dungeon Overview and Level Annotations

Branches:
Dungeon (7/15)             Temple (1/1) D:5

Altars:
Ashenzari
Dithmenos
Fedhas
Gozag
Hepliaklqana
Kikubaaqudgha
Makhleb
Nemelex Xobeh
Okawaru
Sif Muna
Trog
Uskayaw
Vehumet
Wu Jian
Xom
Yredelemnul
The Shining One

Annotations:
D:7 Joseph


Innate Abilities, Weirdness & Mutations

You cannot wear boots.
Your serpentine skin is tough. (AC +3)
You have supernaturally acute eyesight. (SInv)
Armour fits poorly on your strangely shaped body.
Your system is resistant to poisons. (rPois)
You cover ground very slowly.
You have a slow metabolism.
You can spit poison.


Message History

Evoke which item? (* to show all) (? for menu, Esc to quit)
Aiming: Scattershot
Press: ? - help, Shift-Dir - straight line, f/p - Joseph
Aim: Joseph, wielding a -1 quarterstaff and wearing a +0 leather armour (heavily wounded, covered in liquid flames, unusually agile)
The burst of metal fragments hits Joseph!
The burst of metal fragments hits Joseph. x2
Joseph is heavily wounded.
You hear a shout!
Joseph burns!
Joseph hits you with a cursed -1 quarterstaff.
* * * LOW HITPOINT WARNING * * *
Evoke which item? (* to show all) (? for menu, Esc to quit)
Aiming: Scattershot
Press: ? - help, Shift-Dir - straight line, f/p - Joseph
Aim: Joseph, wielding a -1 quarterstaff and wearing a +0 leather armour (severely wounded, covered in liquid flames, unusually agile)
The burst of metal fragments hits Joseph. x4
Joseph is almost dead.
Joseph burns!
Joseph hits you with a cursed -1 quarterstaff!
You die...

#####............####..
####............#.#...
#.....................
.##...#.................
.#....#..............#
.....................#
#.............$÷...#
#.........÷##..@...#
##.........#...@##..#
#..#..........### ....
.#.##...........# ...
...#........##...... ..
.............##.#.#. .
#...##.......# ####
##.####.....#..# ##
##......... ...........


You could see Joseph (burning).

Vanquished Creatures
  Prince Ribbit (D:6)
  Edmund (D:6)
  An orc warrior (D:6)
  A phantom (D:5)
  An ogre (D:6)
  A centaur (D:6)
  3 bullfrogs
  A water moccasin zombie (D:6)
  A howler monkey (D:4)
  2 crimson imps
  2 jellies (D:6)
  4 hounds
  5 orc priests
  10 orc wizards
  An iguana (D:4)
  7 worker ants
  Terence (D:2)
  5 adders
  A shadow imp (D:6)
  An ooze (D:6)
  2 adder skeletons
  4 worms
  A dart slug (D:4)
  6 leopard geckos
  37 orcs
  A ball python (D:2)
  3 bats
  4 giant cockroaches
  5 goblins
  4 hobgoblins
  11 jackals
  4 kobolds
  3 quokkas
  2 frilled lizards
  3 rats (D:3)
140 creatures vanquished.

Notes
Turn   | Place    | Note
-------+----------+-------------------------------------------
     0 | D:1      | MisterFreud the Naga Fire Elementalist began the quest for
                  | the Orb.
     0 | D:1      | Reached XP level 1. HP: 15/15 MP: 3/3
   460 | D:1      | Reached XP level 2. HP: 22/22 MP: 5/5
  1024 | D:2      | Noticed Terence
  1028 | D:2      | Killed Terence
  1028 | D:2      | Reached XP level 3. HP: 28/28 MP: 2/6
  1141 | D:2      | Found an opulent altar of Gozag.
  1330 | D:2      | Found a hazy altar of Hepliaklqana.
  1583 | D:3      | Reached XP level 4. HP: 36/36 MP: 2/7
  2216 | D:4      | Reached XP level 5. HP: 42/42 MP: 4/8
  2318 | D:4      | Reached XP level 6. HP: 40/49 MP: 7/10
  2527 | D:4      | Learned a level 3 spell: Conjure Flame
  2532 | D:4      | Learned a level 4 spell: Sticky Flame
  2992 | D:4      | Reached XP level 7. HP: 32/55 MP: 9/12
  3197 | D:5      | Entered Level 5 of the Dungeon
  3329 | D:6      | Reached skill level 5 in Conjurations
  3332 | D:6      | Reached skill level 5 in Fire Magic
  3733 | D:5      | Reached XP level 8. HP: 62/62 MP: 14/14
  3798 | D:5      | Found an ornate altar of the Wu Jian Council.
  3909 | D:5      | Found a glowing golden altar of the Shining One.
  4151 | D:5      | Found a staircase to the Ecumenical Temple.
  4265 | Temple   | Entered the Ecumenical Temple
  4360 | D:6      | Found a shattered altar of Ashenzari.
  4705 | D:6      | Reached skill level 5 in Spellcasting
  4716 | D:6      | Found a glowing golden altar of the Shining One.
  4737 | D:6      | Noticed Edmund
  4747 | D:6      | Killed Edmund
  5295 | D:6      | Reached XP level 9. HP: 64/68 MP: 12/17
  5415 | D:6      | Noticed Prince Ribbit
  5421 | D:6      | Killed Prince Ribbit
  5703 | D:7      | Noticed Joseph
  5717 | D:7      | Slain by Joseph

Levels and vault maps discovered:
D:1:      sevenhm_arrival_forest_fort_large_2, layout_rooms,
          chequers_serial_rivers_room_b, serial_bayou_lagoon_b
D:2:      layout_loops_cross, lemuel_crystal_altar,
          nicolae_gozag_cash_rules_everything_around_me, uniq_terence
D:3:      layout_rooms, first_ration, serial_park_tiny_1, minmay_unequal
D:4:      layout_basic
D:5:      layout_layer_cave, kennysheep_mini, overflow_temple_1_default,
          minmay_temple_entry_enclosed_plants
D:6:      layout_rooms, evilmike_ruin_ashenzari, basic_altar, uniq_edmund,
          uniq_prince_ribbit1
D:7:      layout_cave_pools, uniq_harold, uniq_joseph
Temple:   minmay_temple_bridge_abc

Skill      XL: |  1  2  3  4  5  6  7  8  9 |
---------------+----------------------------+-----
Conjurations   | 2 3 4 5 6 7 |  7.4
Spellcasting   | 3 4 5 6 |  6.1
Fire Magic     | 4 5 6 7 |  7.4
Dodging        | |  1.5
Stealth        | |  3.0

Action                   |  1- 3 |  4- 6 |  7- 9 || total
-------------------------+-------+-------+-------++-------
Melee: Dagger            |     5 |    88 |   117 ||   210
Throw: Stone             |       |     1 |       ||     1
 Cast: Flame Tongue      |    23 |    49 |    54 ||   126
       Sticky Flame      |       |     3 |    14 ||    17
 Abil: Spit Poison       |    21 |    33 |    31 ||    85
Evoke: Wand              |       |       |     2 ||     2
  Use: Scroll            |     5 |     3 |     5 ||    13
  Eat: Chunk             |     2 |     7 |     9 ||    18
       Ration            |       |       |     1 ||     1
Armor: Robe              |     8 |    11 |    43 ||    62
Dodge: Dodged            |    12 |    49 |    86 ||   147

Table legend:
 A = Non-vault XP
 B = Vault XP
 C = Vault XP percentage of total XP
 D = Non-vault monster count
 E = Vault monster count
 F = Vault count percentage of total count
                 A         B        C        D         E       F
            +---------+---------+-------+---------+---------+-------
      Total |    2434 |     474 |  16.3 |     133 |       7 |   5.0
            +---------+---------+-------+---------+---------+-------
        D:1 |      11 |       0 |   0.0 |       6 |       0 |   0.0
        D:2 |      21 |      32 |  60.4 |      10 |       1 |   9.1
        D:3 |      62 |      10 |  13.9 |      19 |       4 |  17.4
        D:4 |     526 |       0 |   0.0 |      41 |       0 |   0.0
        D:5 |     514 |       0 |   0.0 |      25 |       0 |   0.0
        D:6 |    1031 |     432 |  29.5 |      25 |       2 |   7.4
        D:7 |     269 |       0 |   0.0 |       7 |       0 |   0.0
            +---------+---------+-------+---------+---------+-------
